 Dungeon Crawl Stone Soup version 0.21-a0-582-g1b93aee (webtiles) character file.

95 Gaball the Sneak (level 4, -12/34 HPs)
             Began as a Vampire Monk on Dec 19, 2017.
             Was a Believer of Makhleb.
             Killed by divine providence
             ... invoked by an orc priest
              (16 damage)
             ... on level 3 of the Dungeon.
             The game lasted 00:07:01 (3447 turns).

Gaball the Sneak (Vampire Monk)                     Turns: 3447, Time: 00:07:02

Health: -12/34     AC:  2    Str: 10    XL:     4   Next: 40%
Magic:  4/4        EV: 14    Int: 12    God:    Makhleb [**....]
Gold:   152        SH:  0    Dex: 17    Spells: 3/3 levels left

rFire    . . .     SeeInvis +   a - +0 short sword
rCold    + . .     Gourm    .   (no shield)
rNeg     + + .     Faith    .   b - +0 robe
rPois    +         Spirit   .   (no helmet)
rElec    .         Reflect  .   (no cloak)
rCorr    .         Harm     .   (no gloves)
MR       .....                  (no boots)
Stlth    ++++......             (no amulet)
HPRegen  0.05/turn              (no ring)
MPRegen  0.09/turn              (no ring)

@: regenerating slowly
A: fangs 3, see invisible, unbreathing
a: Bat Form, Minor Destruction, Renounce Religion


You were on level 3 of the Dungeon.
You worshipped Makhleb.
Makhleb was pleased with you.
You were near bloodless.

You visited 1 branch of the dungeon, and saw 3 of its levels.

You collected 152 gold pieces.

Inventory:

Hand Weapons
 a - a +0 short sword (weapon)
Armour
 b - a +0 robe (worn)
 f - a cursed +0 pair of boots
 l - +0 ice dragon scales
Jewellery
 j - a cursed -2 ring of protection {unknown}
Scrolls
 d - 2 scrolls of enchant armour {unknown}
 e - 2 scrolls of fear {unknown}
 g - 4 scrolls of remove curse {unknown}
 h - a scroll of amnesia {unknown}
 i - a scroll of fog {unknown}
 k - a scroll of teleportation {unknown}
 o - 2 scrolls of identify {unknown}
Potions
 c - 9 potions of blood
 m - a potion of heal wounds {unknown}
 n - a potion of degeneration {unknown}


   Skills:
 - Level 2.6 Fighting
 + Level 4.7 Short Blades
 - Level 3.2 Dodging
 + Level 5.6 Stealth


You had 3 spell levels left.
You didn't know any spells.

Dungeon Overview and Level Annotations

Branches:
Dungeon (3/15)

Altars:
Ashenzari
Kikubaaqudgha
Makhleb
Nemelex Xobeh
Vehumet
Wu Jian


Innate Abilities, Weirdness & Mutations

You heal slowly.
You have razor-sharp teeth.
You have supernaturally acute eyesight. (SInv)
You can survive without breathing.


Message History

You hit the orc priest but do no damage.
The orc priest is heavily wounded.
The orc priest misses you.
You hit the orc priest but do no damage.
The orc priest is heavily wounded.
Press: ? - help, Shift-Dir - straight line, f - orc priest
Aim: an orc priest, wielding a short sword and wearing a ring mail (heavily wounded)
The glob of acid hits the orc priest.
The orc priest appears unharmed.
The orc priest is heavily wounded.
The orc priest is splashed with acid.
The orc priest barely misses you.
You closely miss the orc priest.
The orc priest is almost dead.
The orc priest hits you with a short sword.
* * * LOW HITPOINT WARNING * * *
You hit the orc priest but do no damage.
Your bite misses the orc priest.
The orc priest is almost dead.
The orc priest mumbles some strange prayers to Beogh against you.
Beogh smites you!
You die...

...###..####.#
...........#.####
#.#.#..##......#
#....##......#
#....#<......#
#.#.....)†.....#
#.......[......###
#
#...#............#
#
..)..#...o@#.####.#
#######
...#.#.....#.# #.#
#....##
$.......##.#.# #.#
#....## ..
###.###.#.# #)#
#...... ...
....####.###......
.P..
..................
..P
....####.#####....
..... #.##......#
#.##.....)#


You could see an orc priest.

Vanquished Creatures
  An adder (D:2)
  An adder zombie (D:2)
  2 worms (D:2)
  4 dart slugs
  2 leopard geckos (D:2)
  5 orcs
  7 bats
  3 giant cockroaches
  3 goblins
  7 hobgoblins
  7 jackals (D:1)
  6 kobolds
  A quokka (D:2)
  A frilled lizard (D:2)
  6 rats
56 creatures vanquished.

Notes
Turn   | Place    | Note
-------+----------+-------------------------------------------
     0 | D:1      | Gaball the Vampire Monk began the quest for the Orb.
     0 | D:1      | Reached XP level 1. HP: 17/17 MP: 1/1
    91 | D:1      | Reached XP level 2. HP: 11/23 MP: 2/2
   567 | D:1      | Reached skill level 4 in Stealth
  1056 | D:1      | Reached XP level 3. HP: 25/28 MP: 3/3
  1123 | D:2      | Found a faded altar of an unknown god.
  1163 | D:2      | Found an ornate altar of the Wu Jian Council.
  1875 | D:2      | Reached skill level 5 in Stealth
  1899 | D:2      | Found an ancient bone altar of Kikubaaqudgha.
  1900 | D:2      | Found a radiant altar of Vehumet.
  1900 | D:2      | Found a burning altar of Makhleb.
  2329 | D:2      | Reached XP level 4. HP: 13/34 MP: 4/4
  2610 | D:2      | Found a shattered altar of Ashenzari.
  2731 | D:2      | Became a worshipper of Makhleb the Destroyer
  2731 | D:2      | Reached * piety under Makhleb
  2731 | D:2      | Reached ** piety under Makhleb
  2744 | D:2      | Found a sparkling altar of Nemelex Xobeh.
  3447 | D:3      | Killed from afar by an orc priest

Vault maps used:
D:1:      lightli_arrival_maybe_door_vault
D:2:      old_standard_altar, grunt_temple_overflow_open,
          chequers_ecumenical_altar_simple_redux,
          nemelex_xobeh_ov_fountains_minmay
D:3:      serial_forest, infiniplex_forest_lined_1,
          infiniplex_forest_clump_medium, infiniplex_forest_end_2,
          infiniplex_forest_clump_diagonal

Skill      XL: |  1  2  3 |
---------------+----------+-----
Stealth        | 4 5 |  5.6
Short Blades   | 4 |  4.7
Fighting       | |  2.6
Dodging        | |  3.2

Action                   |  1- 3 |  4- 6 || total
-------------------------+-------+-------++-------
Melee: Short sword       |   160 |    70 ||   230
       Bite              |    10 |    11 ||    21
Invok: Minor Destruction |       |     1 ||     1
  Use: Potion            |     1 |     2 ||     3
 Stab: Sleeping          |     8 |     3 ||    11
       Distracted        |     1 |     1 ||     2
Armor: Robe              |    30 |     9 ||    39
Dodge: Dodged            |   145 |    35 ||   180

Table legend:
 A = Spawn XP
 B = Non-spawn XP
 C = Spawn XP percentage of total XP
 D = Spawn monster count
 E = Non-spawn monster count
 F = Spawn count percentage of total count
 G = Total turns spent on level
                    A         B        C        D         E        F      G
               +---------+---------+-------+---------+---------+-------+---------
         Total |       0 |     137 |   0.0 |       0 |      56 |   0.0 |  3447
               +---------+---------+-------+---------+---------+-------+---------
           D:1 |       0 |      42 |   0.0 |       0 |      22 |   0.0 |  1519
           D:2 |       0 |      77 |   0.0 |       0 |      27 |   0.0 |  1744
           D:3 |       0 |      18 |   0.0 |       0 |       7 |   0.0 |   184
               +---------+---------+-------+---------+---------+-------+---------
